 Dungeon Sprint DCSS version 0.29.1-12-g30fa7ad0bf (webtiles) character file.

Game seed: 3568853490874275162

4498 Groucho the Nimble (level 10, 0/44 HPs)
             Began as a Spriggan Earth Elementalist on Jan 8, 2023.
             Was a High Priest of Vehumet.
             Succumbed to a killer bee's poison
             ... in the Dungeon (Sprint III: "The Ten Rune Challenge").
             The game lasted 00:13:42 (3391 turns).

Groucho the Nimble (Spriggan Earth Elementalist)    Turns: 3391, Time: 00:13:43

Health: 0/44       AC:  2    Str:  4    XL:     10   Next: 16%
Magic:  7/26       EV: 25    Int: 22    God:    Vehumet [*****.]
Gold:   47         SH:  0    Dex: 15    Spells: 20/32 levels left

rFire   . . .      SeeInvis +   n - +0 shortbow
rCold   . . .      Faith    .   (shield currently unavailable)
rNeg    . . .      Spirit   .   a - +0 robe
rPois   .          Reflect  .   (helmet restricted)
rElec   .          Harm     .   m - scarf {repulsion}
rCorr   .          Rampage  .   (gloves unavailable)
Will    +....      NoTele   +   (boots unavailable)
Stlth   ++........              (no amulet)
HPRegen 0.14/turn               (no ring)
MPRegen 0.20/turn               (no ring)

@: lethally poisoned (0 -> -4), hasted, repel missiles, very quick
A: very small, no large weapons, unfitting armour, see invisible, speed 3
a: Renounce Religion


You were in the Dungeon.
You worshipped Vehumet.
Vehumet was extremely pleased with you.
You visited 1 branch You collected 47 gold pieces.

Inventory:

Hand Weapons
 n - a +0 shortbow (weapon)
Armour
 a - a +0 robe (worn)
 m - a scarf of repulsion (worn)
Wands
 l - a wand of iceblast (5)
Scrolls
 g - a scroll of blinking
 h - 2 scrolls of torment {unknown}
 i - 4 scrolls of identify {unknown}
Potions
 b - 2 potions of magic
 c - 3 potions of mutation {unknown}
 f - a potion of berserk rage
 j - a potion of attraction {unknown}
 k - 4 potions of flight


   Skills:
 + Level 2.6 Ranged Weapons
 + Level 13.0 Dodging
 - Level 3.0 Stealth
 + Level 11.9 Spellcasting
 * Level 10.0 Conjurations
 + Level 4.0 Hexes
 - Level 5.0 Transmutations
 + Level 2.6 Ice Magic
 * Level 12.9 Earth Magic


You had 20 spell levels left.
You knew the following spells:

 Your Spells              Type           Power      Damage    Failure   Level
a - Sandblast             Erth           100%       2d20      1%          1
b - Stone Arrow           Conj/Erth      100%       3d13      1%          3
c - Magic Dart            Conj           100%       1d8       1%          1
d - Frozen Ramparts       Ice            48%        1d8       1%          3
e - Fulminant Prism       Conj/Hex       22%        3d13      1%          4

Your spell library contained the following spells:

 Spells                   Type           Power      Damage    Failure   Level
 Freezing Cloud           Conj/Ice/Air   15%        6-21      7%          5
 Passwall                 Tmut/Erth      42%        N/A       1%          2
 Searing Ray              Conj           100%       2d8       1%          2
 Petrify                  Tmut/Erth      51%        N/A       1%          4
 Gell's Gravitas          Tloc           13%        N/A       16%         3
 Lesser Beckoning         Tloc           13%        N/A       16%         3
 Teleport Other           Tloc           13%        N/A       16%         3


Dungeon Overview and Level Annotations

Branches:
Dungeon (1/1)

Altars:
Cheibriados
Dithmenos
Elyvilon
Fedhas
Gozag
Hepliaklqana
Kikubaaqudgha
Makhleb
Nemelex Xobeh
Okawaru
Qazlal
Ru
Sif Muna
Trog
Uskayaw
Vehumet
Wu Jian
Xom
Yredelemnul
Zin
The Shining One
Jiyva
Lugonu


Innate Abilities, Weirdness & Mutations

You are very small and have problems with some larger weapons.
You are too small for most types of armour.
You have supernaturally acute eyesight. (SInv)
You cover ground extremely quickly. (Speed+++)


Message History

Your Dodging skill increases to level 13!
Your Conjurations skill increases to level 10!
Your Hexes skill increases to level 4!
Unknown command.
Unknown command.
Okay, then.
Casting: Sandblast (safe; 1% risk of failure)
Confirm with . or Enter, or press ? or * to list all spells.
Aiming: Sandblast (safe; 1% risk of failure)
Press: ? - help, Shift-Dir - straight line, f/p - killer bee
Aim: a killer bee (70% to hit)
The blast of sand hits the killer bee!
The killer bee is severely wounded.
The killer bee closely misses you. The killer bee barely misses you.
The killer bee stings you.
* * * LOW HITPOINT WARNING * * *
Unknown command.
Casting: Sandblast (safe; 1% risk of failure)
Confirm with . or Enter, or press ? or * to list all spells.
Aiming: Sandblast (safe; 1% risk of failure)
Press: ? - help, Shift-Dir - straight line, f/p - killer bee
Aim: a killer bee (70% to hit)
The blast of sand hits the killer bee!!
You kill the killer bee!
Vehumet accepts your kill.
You feel your power returning.
The killer bee completely misses you. x2
Unknown command.
Unknown command.
You feel yourself speed up. The killer bee completely misses you.
The killer bee stings you.
* * * LOW HITPOINT WARNING * * *
You are lethally poisoned!
The killer bee poisons you!
* * * LOW HITPOINT WARNING * * *
You feel sick.
* * * LOW HITPOINT WARNING * * *
You feel sick.
You can't go up here!
Unknown command.
You die...

+###########################
..~~~'.#.')..'.#.#.#y†y.yy≈#
.#)§§#§#.#)..##.#.#y##.yyy≈#
§#§§§#.#.#...#.#@#.#.# yy~≈≈
.#...#...#...##.#.#.## .~~~
▓▓▓▓▓▓▓▓▓▓▓▓▓#.#.#.#.# ...
.......~~~...##.#.#.## ..
≈≈≈≈≈≈≈≈≈♣♣P.'.#.#.#.# .
♣♣♣♣♣♣♣♣♣♣♣PP##.#.#.##
♣♣♣##+#####


There were no monsters in sight!

Vanquished Creatures
  A centaur warrior (D)
  Erica (D)
  A deep elf pyromancer (D)
  An unseen horror (D)
  A queen bee (D)
  3 wandering mushrooms (D)
  A shadow (D)
  A spatial vortex (D)
  2 centaurs (D)
  An earth elemental (D)
  A water elemental (D)
  A necrophage (D)
  A scorpion (D)
  15 killer bees (D)
  A jelly (D)
  Jessica (D)
  A wizard (D)
  A necromancer (D)
  3 humans (D)
  A kobold demonologist (D)
  An endoplasm (D)
  2 rats (D)
  2 fulminant prisms (D)
44 creatures vanquished.

Vanquished Creatures (others)
  5 fulminant prisms (D)
5 creatures vanquished.

Grand Total: 49 creatures vanquished

Notes
Turn   | Place    | Note
-------+----------+-------------------------------------------
     0 | D        | Groucho the Spriggan Earth Elementalist began the quest for
                  | the Orb.
     0 | D        | Reached XP level 1. HP: 9/9 MP: 5/5
    10 | D        | Reached skill level 3 in Dodging
   202 | D        | Noticed Jessica
   205 | D        | Killed Jessica
   206 | D        | Reached skill level 4 in Dodging
   206 | D        | Reached XP level 2. HP: 13/13 MP: 2/8
   440 | D        | Reached XP level 3. HP: 16/16 MP: 7/9
   450 | D        | Noticed a scorpion
   597 | D        | Killed a scorpion
   598 | D        | Reached skill level 5 in Dodging
   598 | D        | Reached skill level 5 in Spellcasting
   598 | D        | Reached skill level 5 in Earth Magic
   598 | D        | Reached XP level 4. HP: 13/21 MP: 7/12
   880 | D        | Learned a level 3 spell: Stone Arrow
   950 | D        | Reached skill level 6 in Dodging
   950 | D        | Reached skill level 5 in Transmutations
   981 | D        | Noticed a water elemental
  1000 | D        | Killed a water elemental
  1001 | D        | Reached XP level 5. HP: 24/24 MP: 9/14
  1171 | D        | Found a radiant altar of Vehumet.
  1172 | D        | Found a shimmering blue altar of Sif Muna.
  1172 | D        | Found an ancient bone altar of Kikubaaqudgha.
  1177 | D        | Noticed a smoke demon
  1178 | D        | Reached skill level 7 in Dodging
  1190 | D        | Became a worshipper of Vehumet
  1410 | D        | Found a shadowy altar of Dithmenos.
  1411 | D        | Found a basalt altar of Yredelemnul.
  1411 | D        | Found a sacrificial altar of Ru.
  1424 | D        | Reached XP level 6. HP: 28/28 MP: 7/16
  1622 | D        | Found a hide-covered altar of Uskayaw.
  1622 | D        | Found an iron altar of Okawaru.
  1623 | D        | Found a bloodstained altar of Trog.
  1624 | D        | Found an ornate altar of the Wu Jian Council.
  1624 | D        | Noticed a human
  1626 | D        | Noticed a human
  1670 | D        | Killed a human
  1670 | D        | Reached * piety under Vehumet
  1670 | D        | Offered knowledge of Freeze by Vehumet.
  1671 | D        | Reached skill level 8 in Dodging
  1671 | D        | Reached skill level 5 in Conjurations
  1805 | D        | Killed a human
  1805 | D        | Noticed a deep elf pyromancer
  1806 | D        | Reached XP level 7. HP: 32/32 MP: 10/19
  1810 | D        | Killed a deep elf pyromancer
  1811 | D        | Reached skill level 10 in Dodging
  1811 | D        | Reached skill level 10 in Earth Magic
  1811 | D        | Reached XP level 8. HP: 7/36 MP: 4/22
  2123 | D        | Found a glowing silver altar of Zin.
  2124 | D        | Found a glowing golden altar of the Shining One.
  2146 | D        | Found a white marble altar of Elyvilon.
  2177 | D        | Learned a level 1 spell: Magic Dart
  2187 | D        | Reached ** piety under Vehumet
  2189 | D        | Offered knowledge of Scorch by Vehumet.
  2303 | D        | Found a blossoming altar of Fedhas.
  2303 | D        | Found a stormy altar of Qazlal.
  2304 | D        | Found a snail-covered altar of Cheibriados.
  2304 | D        | Found a burning altar of Makhleb.
  2304 | D        | Found a hazy altar of Hepliaklqana.
  2304 | D        | Found a shimmering altar of Xom.
  2304 | D        | Found an opulent altar of Gozag.
  2304 | D        | Found a sparkling altar of Nemelex Xobeh.
  2304 | D        | Found a corrupted altar of Lugonu.
  2304 | D        | Found a viscous altar of Jiyva.
  2475 | D        | Noticed Erica
  2479 | D        | Killed Erica
  2479 | D        | Offered knowledge of Frozen Ramparts by Vehumet.
  2480 | D        | Reached skill level 11 in Dodging
  2480 | D        | Reached skill level 10 in Spellcasting
  2640 | D        | Reached *** piety under Vehumet
  2641 | D        | Reached XP level 9. HP: 39/39 MP: 3/24
  2892 | D        | Learned a level 3 spell: Frozen Ramparts
  2897 | D        | Learned a level 4 spell: Fulminant Prism
  2906 | D        | Noticed a centaur warrior
  2913 | D        | Killed a centaur warrior
  2913 | D        | Offered knowledge of Flame Wave by Vehumet.
  2914 | D        | Reached skill level 12 in Dodging
  3141 | D        | Noticed an unseen horror
  3149 | D        | Killed an unseen horror
  3149 | D        | Reached **** piety under Vehumet
  3150 | D        | Reached skill level 1 in Hexes
  3158 | D        | Noticed a wandering mushroom
  3178 | D        | Killed a wandering mushroom
  3179 | D        | Reached skill level 1 in Ice Magic
  3180 | D        | Noticed a wandering mushroom
  3182 | D        | Noticed a wandering mushroom
  3185 | D        | Killed a wandering mushroom
  3185 | D        | Offered knowledge of Yara's Violent Unravelling by Vehumet.
  3189 | D        | Killed a wandering mushroom
  3190 | D        | Reached skill level 1 in Ranged Weapons
  3361 | D        | Noticed a queen bee
  3367 | D        | Killed a queen bee
  3367 | D        | Reached ***** piety under Vehumet
  3367 | D        | Offered knowledge of Freezing Cloud by Vehumet.
  3368 | D        | Reached XP level 10. HP: 19/44 MP: 8/26
  3385 | D        | Reached skill level 13 in Dodging
  3385 | D        | Reached skill level 10 in Conjurations
  3388 | D        | HP: 2/44 [poisoned by a killer bee]
  3391 | D        | Succumbed to a killer bee's poison

Illustrated notes

Levels and vault maps discovered:
D:        dungeon_sprint_mu [sprint_mu_entry_cave, sprint_mu_temple_rooms,
          sprint_mu_d1_horrors, sprint_mu_d2_genie, sprint_mu_d3_branching,
          sprint_mu_orc_legion, sprint_mu_elf_gauntlet, sprint_mu_hive_nellie,
          sprint_mu_lair_fedhas, sprint_mu_vaults_butterflies,
          sprint_mu_slime_circle, sprint_mu_shoals_kraken,
          sprint_mu_snake_twists, sprint_mu_blade_basic,
          sprint_mu_crypt_chambers, sprint_mu_tomb_spiral,
          sprint_mu_vestibule_basic, sprint_mu_gehenna_hellfire,
          sprint_mu_dis_giant, sprint_mu_tartarus_statrot,
          sprint_mu_cocytus_islands, sprint_mu_zot1]

Skill      XL: |  1  2  3  4  5  6  7  8  9 10 |
---------------+-------------------------------+-----
Dodging        | 4 5 6 7 8 10 11 12 13 | 13.0
Earth Magic    | 4 5 6 7 8 10 11 12 | 12.9
Spellcasting   | 4 5 6 8 9 10 11 | 11.9
Transmutations | 3 4 5 |  5.0
Conjurations   | 2 3 5 6 8 9 10 | 10.0
Hexes          | 3 4 |  4.0
Ice Magic      | 2 |  2.6
Ranged Weapons | 1 2 |  2.6
Stealth        | |  3.0

Action                   |  1- 3 |  4- 6 |  7- 9 | 10-12 || total
-------------------------+-------+-------+-------+-------++-------
 Fire: Shortbow          |       |       |    18 |       ||    18
 Cast: Sandblast         |    11 |    22 |     5 |    10 ||    48
       Stone Arrow       |       |    11 |    34 |     2 ||    47
       Magic Dart        |       |       |     1 |       ||     1
       Fulminant Prism   |       |       |     4 |     3 ||     7
       Frozen Ramparts   |       |       |     3 |     1 ||     4
  Use: Potion            |     1 |       |       |     4 ||     5
Armor: Robe              |       |     2 |     5 |       ||     7
Dodge: Dodged            |       |     5 |    33 |    33 ||    71
